 Dungeon Crawl Stone Soup version 0.31-a0-267-g3fc6992b3b (webtiles) character file.

Game seed: 14419973869234281576

32 qw the Shooter (level 3, 0/21 HPs)
             Began as a Gargoyle Hexslinger on July 14, 2023.
             Slain by a scorpion (4 damage)
             ... on level 1 of the Dungeon.
             The game lasted 00:00:24 (971 turns).

qw the Shooter (Gargoyle Hexslinger)                 Turns: 971, Time: 00:00:24

Health: 0/21       AC:  8    Str: 11    XL:     3   Next: 27%
Magic:  4/4        EV: 10    Int: 13    God:
Gold:   83         SH:  0    Dex: 14    Spells: 3/4 levels left

rFire   . . .        Y - +1 sling
rCold   . . .        (no shield)
rNeg    + . .        e - +0 ring mail
rPois   inf          (no helmet)
rElec   +            (no cloak)
rCorr   .            (no gloves)
SInv    .            (no boots)
Will    .....        h - amulet of faith
Stlth   +            (no ring)
HPRegen 0.23/turn    (no ring)
MPRegen 0.09/turn

%: faith
@: no status effects
A: sickness immunity, AC +3, negative energy resistance 1, electricity
resistance, torment resistance 1, petrification resistance
a: no special abilities


You were on level 1 of the Dungeon.
You visited 1 branch of the dungeon, and saw 2 of its levels.

You collected 83 gold pieces.


Innate Abilities, Weirdness & Mutations

You are immune to sickness and miasma.
Your stone body is resilient. (AC +3)
You are immune to poison.
You resist negative energy. (rN+)
You are resistant to electric shocks. (rElec)
You are resistant to unholy torment.
You are immune to petrification.


   Skills:
 - Level 2.0 Fighting
 + Level 3.2 Ranged Weapons
 - Level 1.5 Dodging
 - Level 1.0 Spellcasting
 - Level 2.6 Hexes


You had 3 spell levels left.
You knew the following spells:

 Your Spells              Type           Power      Damage    Failure   Level
a - Slow                  Hex            28%        N/A       22%         1

Your spell library contained the following spells:

 Spells                   Type           Power      Damage    Failure   Level
 Inner Flame              Hex/Fire       4%         N/A       75%         3
 Portal Projectile        Hex/Tloc       8%         N/A       75%         3
 Cause Fear               Hex            3%         N/A       92%         4

Inventory:

Hand Weapons
 Y - a +1 sling (weapon)
Armour
 e - a +0 ring mail (worn)
Jewellery
 h - an amulet of faith (around neck)
Potions
 i - a potion of curing {unknown}
 j - a potion of brilliance {unknown}
 k - a potion of attraction {unknown}

Dungeon Overview and Level Annotations

Branches:
Dungeon (2/15)

Altars:


Message History

You shoot a sling bullet.
The sling bullet closely misses the scorpion.
The scorpion stings you. The scorpion misses you.
You shoot a sling bullet.
The sling bullet hits the scorpion but does no damage.
The kobold throws a stone.
The stone hits you but does no damage.
The scorpion stings you but does no damage.
The kobold throws a stone.
The stone completely misses you.
You shoot a sling bullet. The sling bullet hits the scorpion.
The scorpion is lightly wounded.
The scorpion completely misses you.
The scorpion stings you but does no damage.
The adder barely misses you.
You shoot a sling bullet. The sling bullet hits the scorpion.
The scorpion is moderately wounded.
The scorpion stings you. The adder bites you but does no damage.
The kobold hits you but does no damage. The scorpion stings you.
967 ||| STAIRDANCE The adder bites you but does no damage.
The kobold closely misses you. The scorpion misses you.
The adder bites you but does no damage.
You climb upwards.
There is a stone staircase leading down here.
Enter note:
Enter note:
Enter note:
Enter note: You shoot a sling bullet.
The sling bullet hits the scorpion.
The scorpion is heavily wounded.
The kobold hits you but does no damage. The adder barely misses you.
The scorpion closely misses you. The kobold hits you but does no damage.
The adder closely misses you. The scorpion stings you.
You shoot a sling bullet.
The sling bullet barely misses the scorpion.
The adder bites you but does no damage. The scorpion stings you.
The kobold hits you but does no damage.
You shoot a sling bullet. The sling bullet hits the scorpion.
The scorpion is heavily wounded.
The adder closely misses you. The scorpion stings you. The kobold misses you.
The adder bites you. The scorpion stings you.
You die...

######...#.....#### #.....#.###.#
.....###.......# ###.#.#....%#
####.###.......# ####..#.#.....#
# #...........# #....##.#..#.##
#########....### ##.#####.#..#...
....#####+##...###..#####.#..#.##
###.#......###.#........#.#..###
#.'......# #.S.K......#.#..####
###......#####@s......#.#..#...
###'#+#....#.########.#..#.##
#.#.#.##.#.# ##.####.#
#...#.##.#.# #..%..#.#
#####....#.##### #####.#.##
#..###.....# #.#... #########
#%.# #####.# #.#### ........#
#..#######.# #####.....
........###.......##.# #...######


You could see a scorpion, an adder and a kobold.

Vanquished Creatures
  A dart slug (D:1)
  2 ball pythons (D:1)
  2 bats (D:1)
  5 endoplasms (D:1)
  3 goblins (D:1)
  2 hobgoblins (D:1)
  6 jackals (D:1)
  2 kobolds (D:1)
  A quokka (D:1)
  A frilled lizard (D:1)
25 creatures vanquished.

Notes
Turn   | Place    | Note
-------+----------+-------------------------------------------
     0 | D:1      | qw the Gargoyle Hexslinger began the quest for the Orb.
     0 | D:1      | Reached XP level 1. HP: 12/12 MP: 2/2
     0 | D:1      | 0 ||| qw: Version: 0.3-a-52-g30416fa
     0 | D:1      | 0 ||| qw: Game counter: 7822
     0 | D:1      | 0 ||| qw: Melee chars always use a shield: true
     0 | D:1      | 0 ||| qw: God list: Okawaru
     0 | D:1      | 0 ||| qw: Allow faded altars: false
     0 | D:1      | 0 ||| qw: Do Orc after clearing Dungeon:15 true
     0 | D:1      | 0 ||| qw: Do second Lair branch before Depths: true
     0 | D:1      | 0 ||| qw: Lair rune preference: random
     0 | D:1      | 0 ||| qw: Goals: Normal
     0 | D:1      | 0 ||| PLANNING D:1-11
    44 | D:1      | Reached XP level 2. HP: 16/16 MP: 3/3
    62 | D:1      | Reached skill level 3 in Ranged Weapons
    75 | D:1      | 75 ||| FLEEEEING.
    76 | D:1      | 76 ||| FLEEEEING.
    79 | D:1      | 79 ||| FLEEEEING.
    81 | D:1      | 81 ||| FLEEEEING.
    82 | D:1      | 82 ||| FLEEEEING.
    83 | D:1      | 83 ||| FLEEEEING.
    84 | D:1      | 84 ||| FLEEEEING.
    85 | D:1      | 85 ||| FLEEEEING.
    86 | D:1      | 86 ||| FLEEEEING.
    87 | D:1      | 87 ||| FLEEEEING.
    88 | D:1      | 88 ||| FLEEEEING.
    89 | D:1      | 89 ||| FLEEEEING.
    93 | D:1      | 93 ||| FLEEEEING.
    94 | D:1      | 94 ||| FLEEEEING.
    95 | D:1      | 95 ||| FLEEEEING.
    99 | D:1      | 99 ||| FLEEEEING.
   100 | D:1      | 100 ||| FLEEEEING.
   101 | D:1      | 101 ||| FLEEEEING.
   102 | D:1      | 102 ||| FLEEEEING.
   457 | D:1      | Reached XP level 3. HP: 21/21 MP: 4/4
   813 | D:1      | 813 ||| UPGRADING to +0 leather armour.
   823 | D:1      | 823 ||| DROPPING +0 robe.
   824 | D:1      | 824 ||| UPGRADING to +0 ring mail.
   834 | D:1      | 834 ||| DROPPING +0 leather armour.
   835 | D:1      | 835 ||| UPGRADING to amulet of faith.
   840 | D:1      | 840 ||| READING 2 scrolls labelled LISHYTS EMMINT.
   941 | D:1      | 941 ||| READING scroll labelled CIBRIP RADDOGH.
   942 | D:1      | 942 ||| DROPPING scroll of silence.
   943 | D:1      | 943 ||| DROPPING scroll of poison.
   961 | D:2      | Noticed a scorpion
   967 | D:2      | 967 ||| STAIRDANCE
   971 | D:1      | HP: 4/21 [adder (3)]
   971 | D:1      | Slain by a scorpion

Levels and vault maps discovered:
D:1:      minmay_arrival_stair_chambers, layout_basic, minmay_heptomino_w4
D:2:      layout_loops_corners, nicolae_the_louvre, uniq_jessica, uniq_robin

Skill      XL: |  1  2 |
---------------+-------+-----
Ranged Weapons | 3 |  3.2
Fighting       | 2 |  2.0
Dodging        | |  1.5
Spellcasting   | |  1.0
Hexes          | |  2.6

Action                     || total
---------------------------++-------
   Fire: Sling             ||    74
    Use: Scroll            ||     2
 Armour: Robe              ||    10
         Ring mail         ||    12
  Dodge: Dodged            ||    35

Table legend:
 A = Non-vault XP
 B = Vault XP
 C = Vault XP percentage of total XP
 D = Non-vault monster count
 E = Vault monster count
 F = Vault count percentage of total count
                 A         B        C        D         E       F
            +---------+---------+-------+---------+---------+-------
      Total |      38 |       9 |  19.1 |      20 |       5 |  20.0
            +---------+---------+-------+---------+---------+-------
        D:1 |      38 |       9 |  19.1 |      20 |       5 |  20.0
            +---------+---------+-------+---------+---------+-------
